 Dungeon Crawl Stone Soup version 0.27.1 (webtiles) character file.

Game seed: 15971409518917101430

321 shadowrider38 the Skirmisher (level 6, -2/106 HPs)
             Began as an Ogre Berserker on Aug 25, 2021.
             Was a Priest of Trog.
             Slain by Duvessa (8 damage)
             ... on level 4 of the Dungeon on Aug 26, 2021.
             The game lasted 00:09:29 (4537 turns).

shadowrider38 the Skirmisher (Ogre Berserker)       Turns: 4537, Time: 00:09:29

Health: -2/106     AC:  3    Str: 24    XL:     6   Next: 46%
Magic:  6/6        EV: 10    Int:  8    God:    Trog [***...]
Gold:   209        SH:  0    Dex:  8    Spells: 5/5 levels left

rFire    . . .     SeeInvis .   a - +0 giant spiked club
rCold    + . .     Faith    .   (shield currently unavailable)
rNeg     . . .     Spirit   .   b - +0 animal skin
rPois    .         Reflect  .   (helmet restricted)
rElec    .         Harm     .   (no cloak)
rCorr    .         Rampage  .   (gloves unavailable)
Will     +....                  (boots unavailable)
Stlth    ..........             (no amulet)
HPRegen  0.27/turn              h - ring of willpower
MPRegen  0.10/turn              s - ring of protection from cold

@: berserking (expiring), very quick
A: large, unfitting armour, tough skin 1
a: Renounce Religion, Berserk, Trog's Hand


You were on level 4 of the Dungeon.
You worshipped Trog.
Trog was most pleased with you.
You visited 1 branch of the dungeon, and saw 4 of its levels.

You collected 209 gold pieces.

Inventory:

Hand Weapons
 a - a +0 giant spiked club (weapon)
 u - a +0 war axe
Missiles
 w - 2 boomerangs (quivered)
Armour
 b - a +0 animal skin (worn)
Jewellery
 h - a ring of willpower (left hand)
 j - a ring of magical power
 s - a ring of protection from cold (right hand)
Wands
 r - a wand of digging (3)
Scrolls
 c - a scroll of amnesia {unknown}
 d - a scroll of vulnerability {unknown}
 i - a scroll of enchant armour {unknown}
 n - a scroll of identify {unknown}
 o - a scroll of acquirement {unknown}
 p - a scroll of teleportation {unknown}
 q - 2 scrolls of holy word {unknown}
Potions
 e - a potion of mutation {unknown}
 f - 2 potions of curing {unknown}
 g - a potion of might {unknown}
 k - a potion of lignification {unknown}
 l - a potion of attraction {unknown}
 m - a potion of brilliance {unknown}
 t - a potion of heal wounds {unknown}
 v - a potion of haste


   Skills:
 + Level 7.1 Fighting
 - Level 5.3(5.4) Axes
 + Level 0.1(3.0) Maces & Flails
 - Level 2.6 Dodging


You had 5 spell levels left.
You didn't know any spells.
Your spell library was empty.

Dungeon Overview and Level Annotations

Branches:
Dungeon (4/15)             Temple (0/1) D:4

Altars:
Cheibriados
Makhleb
Nemelex Xobeh
Qazlal

Shops:
D:3 =*?(

Annotations:
D:4 Dowan, Duvessa


Innate Abilities, Weirdness & Mutations

You are too large for most types of armour.
You have tough skin. (AC +1)


Message History

You sock the adder!
The adder is almost dead.
You feel sick.
You are no longer poisoned.
The adder bites you but does no damage. The adder bites you.
You miss the adder.
The adder is almost dead.
The adder barely misses you.
Dowan gestures wildly while chanting.
Dowan blinks!
The adder bites you.
You barely miss the adder.
The adder is severely wounded.
The adder closely misses you. The adder barely misses you.
You closely miss the adder.
The adder is severely wounded.
The adder hisses angrily.
The adder barely misses you. The adder misses you.
The adder bites you but does no damage.
You impale the adder!!
You kill the adder!
Trog accepts your kill. Something hits you!
You miss something. Something hits you! Something hits you but does no damage.
You puncture something! Something hits you but does no damage.
A red film seems to cover your vision as you go berserk!
You feel yourself moving faster!
You feel mighty! Something hits you.
You miss something. Something hits you!
You miss something. Something hits you.
You closely miss something. Something hits you.
You closely miss something. Something hits you!
* * * LOW HITPOINT WARNING * * *
Something hits you!
* * * LOW HITPOINT WARNING * * *
You closely miss something. Something hits you!
* * * LOW HITPOINT WARNING * * *
You miss something. Something hits you.
* * * LOW HITPOINT WARNING * * *
Dowan says, "My weaknesses are her strengths!"
You closely miss something. Something hits you!
You die...

### ..# ... #.# ..
#e# ... #S# ... #{#
#.######@# .
####........# ..
........###.######.
#.
......#.###........
##.
............#######
#.. ####.##.###.#
###.. #.# #.# #<...
#.# #.# #######
###†. #.# #.#
#.....# #..


You could see Dowan and an adder.

Vanquished Creatures
  An ogre (D:4)
  An iguana (D:4)
  An orc wizard (D:4)
  Robin (D:4)
  6 adders
  2 worms (D:3)
  8 orcs
  6 bats
  7 endoplasms
  3 giant cockroaches
  16 goblins
  9 hobgoblins
  10 jackals
  6 kobolds
  6 quokkas
  7 ball pythons
  6 frilled lizards
  6 rats
102 creatures vanquished.

Vanquished Creatures (others)
  A plant (D:4)
1 creature vanquished.

Grand Total: 103 creatures vanquished

Notes
Turn   | Place    | Note
-------+----------+-------------------------------------------
     0 | D:1      | shadowrider38 the Ogre Berserker began the quest for the
                  | Orb.
     0 | D:1      | Reached XP level 1. HP: 24/24 MP: 1/1
    75 | D:1      | Found a faded altar of an unknown god.
   180 | D:1      | Reached XP level 2. HP: 24/33 MP: 2/2
   557 | D:1      | Reached XP level 3. HP: 22/40 MP: 3/3
   781 | D:1      | Reached ** piety under Trog
  1176 | D:2      | Reached skill level 5 in Fighting
  1817 | D:2      | Reached XP level 4. HP: 29/50 MP: 4/4
  2054 | D:2      | Found a stormy altar of Qazlal.
  2241 | D:3      | Found Bad Moimp's Jewellery Shop.
  2263 | D:3      | Found Dyecoet's General Store.
  2474 | D:3      | Found Natadyne's Magic Scroll Boutique.
  2950 | D:3      | Found a burning altar of Makhleb.
  3028 | D:3      | Found a snail-covered altar of Cheibriados.
  3208 | D:3      | Found Litraixtue's Weapon Emporium.
  3307 | D:3      | Reached XP level 5. HP: 22/59 MP: 5/5
  3549 | D:3      | Found a sparkling altar of Nemelex Xobeh.
  3758 | D:4      | Reached skill level 6 in Fighting
  3852 | D:4      | Noticed Robin
  3870 | D:4      | Reached *** piety under Trog
  3875 | D:4      | Killed Robin
  4226 | D:4      | Noticed an ogre
  4231 | D:4      | Killed an ogre
  4232 | D:4      | Reached skill level 5 in Axes
  4232 | D:4      | Reached XP level 6. HP: 68/68 MP: 6/6
  4284 | D:4      | Reached skill level 7 in Fighting
  4475 | D:4      | Found a staircase to the Ecumenical Temple.
  4515 | D:4      | Noticed Dowan
  4517 | D:4      | Noticed Duvessa
  4537 | D:4      | Slain by Duvessa

Illustrated notes

Levels and vault maps discovered:
D:1:      wander_arrival_chamber, layout_loops_ring,
          hellmonk_ecumenical_altar_arch_garden
D:2:      layout_rooms, basic_altar, roderic_roman_lattice,
          minmay_misc_feat_hallway, minmay_cut_off
D:3:      layout_loops_cross, slow_altar_1, mainiacjoe_overflow_small_starburst,
          mainiacjoe_overflow_boulevard, serial_shops, nicolae_diamond_shop,
          nicolae_shop_statue_plus, nicolae_shop_statue_plus, shop
D:4:      layout_basic, mainiacjoe_overflow_chevrons,
          minmay_temple_entry_slanted, uniq_robin, uniq_duvessa

Skill      XL: |  1  2  3  4  5  6 |
---------------+-------------------+-----
Fighting       | 5 6 7 |  7.1
Axes           | 4 5 |  5.3
Maces & Flails | |  0.1
Dodging        | |  2.6

Action                   |  1- 3 |  4- 6 || total
-------------------------+-------+-------++-------
Melee: Hand axe          |   166 |    58 ||   224
       War axe           |       |   104 ||   104
       Giant spiked club |       |    19 ||    19
Invok: Berserk           |     1 |     5 ||     6
 Stab: Distracted        |     1 |       ||     1
       Sleeping          |     1 |       ||     1
Armor: Animal skin       |    39 |    45 ||    84
Dodge: Dodged            |    91 |    93 ||   184
